 Dungeon Crawl Stone Soup version 0.25.0-26-g0c896c7088 (webtiles) character file.

Game seed: 17544011466064888222

13979 Ethylacetat the Archer (level 12, -9/120 HPs)
             Began as a Naga Hunter on July 3, 2020.
             Was a High Priest of Cheibriados.
             Mangled by a cyan ugly thing (12 damage)
             ... on level 11 of the Dungeon.
             The game lasted 00:33:46 (9169 turns).

Ethylacetat the Archer (Naga Hunter)                Turns: 9169, Time: 00:33:48

Health: -9/120     AC: 17    Str: 34    XL:     12   Next: 11%
Magic:  0/21       EV:  8    Int: 31    God:    Cheibriados [*****.]
Gold:   572        SH:  0    Dex: 34    Spells: 11/11 levels left

rFire    . . .     SeeInvis +   s - +9 great mace of the Weasel {drain, MR++ Str+2}
rCold    . . .     Gourm    .   (shield currently unavailable)
rNeg     + . .     Faith    .   x - +4 chain mail "Lischuq" {rN+ Regen+ Int+6}
rPois    +         Spirit   +   q - +1 helmet
rElec    .         Reflect  .   L - +2 cloak
rCorr    .         Harm     .   (no gloves)
MR       ++++.                  (no barding)
Stlth    ..........             l - amulet of guardian spirit
HPRegen  0.70/turn              v - ring "Quboet" {rPois MR+ MP+9}
MPRegen  0.17/turn              H - +6 ring of dexterity

@: very slow
A: large, see invisible, deformed body, poison resistance, slowness 2, slow
metabolism 1, spit poison 1, AC +4
a: Spit Poison, Bend Time, Temporal Distortion, Slouch, Step From Time, Renounce
Religion


You were on level 11 of the Dungeon.
You worshipped Cheibriados.
Cheibriados was extremely pleased with you.
You were not hungry.

You visited 2 branches of the dungeon, and saw 12 of its levels.

You collected 572 gold pieces.

Inventory:

Hand Weapons
 a - a +2 shortbow
 s - the +9 great mace of the Weasel (weapon) {drain, MR++ Str+2}
   (You took it off an ogre on level 3 of the Dungeon)

   A truly terrible weapon, it drains the life of those it strikes.
   It affects your strength (+2).
   It affects your resistance to hostile enchantments.
Missiles
 d - 138 arrows
 m - 2 curare-tipped darts (quivered)
Armour
 n - a +1 ring mail of fire resistance
 q - a +1 helmet (worn)
 x - the +4 chain mail "Lischuq" (worn) {rN+ Regen+ Int+6}
   (You found it on level 5 of the Dungeon)

   It affects your intelligence (+6).
   It protects you from negative energy.
   It increases your rate of regeneration.
 L - a +2 cloak (worn)
Jewellery
 l - an amulet of guardian spirit (around neck)
 v - the ring "Quboet" (left hand) {rPois MR+ MP+9}
   (You took it off an orc on level 4 of the Dungeon)

   [ring of protection from magic]

   It protects you from poison.
   It affects your resistance to hostile enchantments.
   It affects your magic capacity (+9).
 H - a +6 ring of dexterity (right hand)
Wands
 B - a wand of iceblast (28)
 I - a wand of acid (8)
 J - a wand of enslavement (11)
Scrolls
 b - a scroll of holy word {unknown}
 g - 2 scrolls of enchant weapon
 i - a scroll of remove curse
 j - 2 scrolls of magic mapping
 k - a scroll of enchant armour {unknown}
 o - 16 scrolls of identify
 p - 5 scrolls of teleportation
 y - 2 scrolls of amnesia {unknown}
 A - a scroll of vulnerability {unknown}
 D - a scroll of noise {unknown}
 K - 2 scrolls of fear
Potions
 c - 2 potions of magic {unknown}
 e - 2 potions of curing
 h - a potion of lignification {unknown}
 r - 2 potions of ambrosia
 t - a potion of brilliance
 u - 5 potions of stabbing
 w - 3 potions of might
 z - a potion of cancellation {unknown}
 C - 2 potions of haste {unknown}
 E - a potion of mutation {unknown}
 F - a potion of invisibility {unknown}
Comestibles
 f - 27 rations
 G - a chunk of flesh


   Skills:
 + Level 11.2 Fighting
   Level 0.2 Short Blades
 * Level 14.2 Bows
 - Level 0.6 Armour
 - Level 1.6 Dodging
 - Level 1.5 Stealth


You had 11 spell levels left.
You didn't know any spells.
Your spell library contained the following spells:

 Spells                   Type           Power        Failure   Level  Hunger
 Freeze                   Ice            #...         38%         1    ##.....
 Sandblast                Erth           #.....       38%         1    ##.....
 Passwall                 Tmut/Erth      #.......     54%         2    ###....
 Frozen Ramparts          Ice            #.....       77%         3    ####...
 Ozocubu's Armour         Chrm/Ice       #.......     77%         3    ####...
 Stone Arrow              Conj/Erth      #.....       77%         3    ####...
 Hailstorm                Conj/Ice       #.......     99%         4    #####..
 Petrify                  Tmut/Erth      #.......     99%         4    #####..
 Summon Ice Beast         Ice/Summ       #.......     99%         4    #####..
 Lee's Rapid Deconstruct  Erth           #.........   100%        5    ######.


Dungeon Overview and Level Annotations

Branches:
Dungeon (11/15)            Temple (1/1) D:4            Lair (0/6) D:10
    Orc: D:9-12

Altars:
Ashenzari
Cheibriados
Dithmenos
Elyvilon
Fedhas
Hepliaklqana
Makhleb
Okawaru
Qazlal
Trog
Uskayaw
Vehumet
Wu Jian
Xom
Zin
The Shining One

Shops:
D:7 %   D:9 (


Innate Abilities, Weirdness & Mutations

You cannot wear boots.
Your serpentine skin is tough. (AC +4)
You have supernaturally acute eyesight. (SInv)
Armour fits poorly on your strangely shaped body.
Your system is resistant to poisons. (rPois)
You cover ground very slowly.
You have a slow metabolism.
You can spit poison.


Message History

The troll bites you.
* * * LOW HITPOINT WARNING * * *
The troll barely misses you. The troll claws you but does no damage.
You fail to use your ability.
The white ugly thing gores you but does no damage.
The unseen horror hits you but does no damage.
The cyan ugly thing bites you but does no damage.
The troll bites you!
* * * LOW HITPOINT WARNING * * *
The troll closely misses you. The troll claws you.
* * * LOW HITPOINT WARNING * * *
Okay, then.
You thump the cyan ugly thing! You drain the cyan ugly thing!
The cyan ugly thing is moderately wounded.
The unseen horror hits you but does no damage.
The white ugly thing closely misses you.
The cyan ugly thing bites you!
* * * LOW HITPOINT WARNING * * *
The cyan ugly thing shocks you!
You die...

# #..###############
#.##................#
...................#
#.....รท..........#
#................#
#................#
##x$..............#
#.#..........>......#
#..)@u..............#
#.##Tu..............#
# ..Z...............#
.#a...############.#
K. ./..## #.# .
..#..# #.# ..##..#
#.# .. ...#
########.# .........#


You could see 2 ugly things, a troll, an unseen horror (invisible), a soldier
ant and a centaur warrior skeleton.

Vanquished Creatures
  Gastronok (D:10)
  3 hydras
  A tengu warrior (D:8)
  An unseen horror (D:10)
  An ugly thing (D:11)
  Psyche (D:8)
  A kobold demonologist (D:11)
  A tengu conjurer (D:8)
  2 trolls
  A hornet (D:10)
  2 dream sheep (D:8)
  A hippogriff (D:11)
  A meliai zombie (D:11)
  A wyvern (D:8)
  2 yaks (D:8)
  The ghost of Colgate the Charmwright, an amateur GnSk (D:3)
  A hungry ghost (D:8)
  3 vampire mosquitoes (D:9)
  Menkaure (D:5)
  2 wargs (D:10)
  A water moccasin (D:10)
  5 orc warriors
  3 ice beasts
  A phantom (D:7)
  3 black bears
  An eye of draining (D:11)
  A necrophage (D:7)
  2 centaurs
  4 sky beasts
  6 ogres
  4 big kobolds
  2 bullfrogs
  A wyvern zombie (D:11)
  A gnoll sergeant (D:8)
  A water moccasin skeleton (D:11)
  A wyvern skeleton (D:11)
  A scorpion (D:7)
  11 killer bees
  A howler monkey (D:5)
  4 crimson imps
  2 centaur zombies
  8 orc wizards
  2 centaur skeletons
  9 orc priests
  2 hounds
  A bullfrog skeleton (D:8)
  10 worker ants
  An iguana (D:9)
  A hound skeleton (D:5)
  A worker ant zombie (D:5)
  6 gnolls (D:8)
  24 adders
  2 oozes
  An adder zombie (D:5)
  A worm (D:3)
  2 dart slugs
  8 leopard geckos
  35 orcs
  3 giant cockroaches
  4 goblins (D:3)
  4 hobgoblins
  8 jackals
  5 quokkas
  2 ball pythons
  7 bats
  3 frilled lizards
  8 kobolds
  A leopard gecko skeleton (D:3)
  A quokka zombie (D:8)
  9 rats
253 creatures vanquished.

Vanquished Creatures (others)
  A plant (D:6)
1 creature vanquished.

Grand Total: 254 creatures vanquished

Notes
Turn   | Place    | Note
-------+----------+-------------------------------------------
     0 | D:1      | Ethylacetat the Naga Hunter began the quest for the Orb.
     0 | D:1      | Reached XP level 1. HP: 19/19 MP: 1/1
   956 | D:1      | Reached XP level 2. HP: 13/26 MP: 0/2
  1438 | D:2      | Reached skill level 4 in Bows
  1554 | D:2      | Reached XP level 3. HP: 22/32 MP: 3/3
  2083 | D:2      | Reached XP level 4. HP: 32/40 MP: 4/4
  2622 | D:3      | Noticed an orc warrior
  2641 | D:3      | Killed an orc warrior
  2641 | D:3      | Reached skill level 5 in Bows
  2641 | D:3      | Reached XP level 5. HP: 19/49 MP: 5/5
  2647 | D:3      | Reached XP level 6. HP: 20/56 MP: 6/6
  2709 | D:3      | Found a transporter.
  2712 | D:3      | Noticed Colgate's ghost (amateur GnSk)
  2717 | D:3      | Identified the +9 great mace of the Weasel {drain, MR++
                  | Str+2}
  3087 | D:3      | Found a transporter.
  3111 | D:4      | Found a staircase to the Ecumenical Temple.
  3130 | Temple   | Entered the Ecumenical Temple
  3140 | Temple   | Became a worshipper of Cheibriados the Contemplative
  3192 | D:4      | Found a glowing golden altar of the Shining One.
  3335 | D:4      | Reached skill level 6 in Bows
  3394 | D:4      | Found an iron altar of Okawaru.
  3407 | D:4      | Identified the ring "Quboet" {rPois MR+ MP+9}
  3484 | D:4      | Found a radiant altar of Vehumet.
  3502 | D:4      | Reached * piety under Cheibriados
  3621 | D:5      | Entered Level 5 of the Dungeon
  3621 | D:5      | Found a bloodstained altar of Trog.
  3660 | D:5      | Reached XP level 7. HP: 55/64 MP: 7/7
  3732 | D:5      | Reached skill level 7 in Bows
  3739 | D:5      | Reached skill level 5 in Fighting
  3839 | D:5      | Noticed Menkaure
  3853 | D:5      | Killed Menkaure
  3853 | D:5      | Reached XP level 8. HP: 16/74 MP: 8/8
  4117 | D:5      | Found a blossoming altar of Fedhas.
  4141 | D:5      | Found a stormy altar of Qazlal.
  4187 | D:5      | Got a brightly glowing chain mail
  4198 | D:5      | Identified the +4 chain mail "Lischuq" {rN+ Regen+ Int+6}
                  | (You found it on level 5 of the Dungeon)
  4412 | D:3      | Killed Colgate's ghost
  4412 | D:3      | Reached skill level 8 in Bows
  4417 | D:3      | Reached ** piety under Cheibriados
  4693 | D:6      | Noticed an eight-headed hydra
  4698 | D:6      | Killed an eight-headed hydra
  4698 | D:6      | Reached skill level 9 in Bows
  4698 | D:6      | Reached XP level 9. HP: 26/86 MP: 9/9
  5080 | D:6      | Reached skill level 10 in Bows
  5416 | D:7      | Reached *** piety under Cheibriados
  5427 | D:7      | Found Naac's Food Shoppe.
  5562 | D:7      | Found a shadowy altar of Dithmenos.
  5686 | D:7      | Found a burning altar of Makhleb.
  5990 | D:8      | Reached XP level 10. HP: 93/96 MP: 10/10
  6047 | D:8      | Reached skill level 11 in Bows
  6132 | D:8      | Reached **** piety under Cheibriados
  6283 | D:8      | Found an ornate altar of the Wu Jian Council.
  6283 | D:8      | Found a glowing silver altar of Zin.
  6284 | D:8      | Found a hazy altar of Hepliaklqana.
  6656 | D:8      | Found a hide-covered altar of Uskayaw.
  6884 | D:8      | Noticed a three-headed hydra
  6892 | D:8      | Killed a three-headed hydra
  6892 | D:8      | Reached skill level 12 in Bows
  7023 | D:8      | Noticed Psyche
  7030 | D:8      | Killed Psyche
  7354 | D:9      | Noticed a tengu warrior
  7369 | D:8      | Killed a tengu warrior
  7369 | D:8      | Reached XP level 11. HP: 78/108 MP: 11/11
  7534 | D:9      | Found a shattered altar of Ashenzari.
  7633 | D:9      | Found a shadowy altar of Dithmenos.
  7799 | D:9      | Reached skill level 10 in Fighting
  7906 | D:9      | Found Difesawedi's Antique Weapon Emporium.
  8010 | D:10     | Entered Level 10 of the Dungeon
  8023 | D:10     | Reached ***** piety under Cheibriados
  8090 | D:10     | Reached skill level 13 in Bows
  8123 | D:10     | Found a staircase to the Lair.
  8449 | D:10     | Noticed an unseen horror
  8466 | D:10     | Killed an unseen horror
  8626 | D:10     | Noticed Gastronok
  8637 | D:10     | Killed Gastronok
  8923 | D:11     | Noticed a purple ugly thing
  8931 | D:11     | Killed a purple ugly thing
  9138 | D:11     | Reached skill level 14 in Bows
  9140 | D:11     | Noticed a five-headed hydra
  9144 | D:11     | Noticed an unseen horror
  9145 | D:11     | Killed a five-headed hydra
  9145 | D:11     | Reached XP level 12. HP: 71/120 MP: 12/12
  9169 | D:11     | HP: 3/120 [cyan ugly thing (6)]
  9169 | D:11     | Mangled by a cyan ugly thing

Illustrated notes

Levels and vault maps discovered:
D:1:      dpeg_arrival_rooms_c, layout_basic
D:2:      layout_loops_ring, first_ration, kennysheep_generic_room_12
D:3:      layout_loops_ring, gammafunk_ghost_smash
D:4:      layout_rooms, nicolae_tso_swordbearing_angel, okawaru_gym_becter,
          old_standard_altar, minmay_temple_entry_trees, minmay_between
D:5:      layout_rooms, grunt_temple_overflow_forces_of_nature, bloody_trog,
          dk_vineyard_1, uniq_menkaure
D:6:      layout_loops_ring, serial_bayou_pond_d
D:7:      layout_basic, makhleb_grotto_becter, basic_altar, serial_shops, shop
D:8:      layout_layer_cave, lemuel_coloured_pillars_altar,
          chequers_temple_overflow_statue_of_worship, hangedman_ranch
          [blue_anna_fruit_fields], minmay_misc_feat_five, uniq_psyche
D:9:      layout_rooms, evilmike_ruin_ashenzari,
          grunt_dithmenos_smoke_and_mirrors, serial_shops, shop
D:10:     layout_basic, erik_lair_orcish_takeover, uniq_gastronok
D:11:     minmay_the_grid_square_5x5_4x4_mashed
          [minmay_the_grid_square_5x5_two_walls_b,
          minmay_the_grid_square_5x5_hollow_slash,
          minmay_the_grid_square_5x5_detours, minmay_the_grid_square_5x5_plus,
          minmay_the_grid_square_5x5_empty,
          minmay_the_grid_square_5x5_prize_open,
          minmay_the_grid_square_5x5_prize_pseudospiral,
          minmay_the_grid_square_5x5_checkered, minmay_the_grid_square_5x5_comb,
          minmay_the_grid_square_5x5_prize_open,
          minmay_the_grid_square_5x5_prize_rear_guard,
          minmay_the_grid_square_5x5_inner_v,
          minmay_the_grid_square_5x5_three_walls,
          minmay_the_grid_square_5x5_mess,
          minmay_the_grid_square_5x5_broken_cross,
          minmay_the_grid_square_5x5_gyroscope], layout_long_grid, basic_altar,
          uniq_nergalle
Temple:   compressed_dpeg_triangle_lava_temple

Skill      XL: |  1  2  3  4  5  6  7  8  9 10 11 |
---------------+----------------------------------+-----
Bows           | 4 5 6 7 9 10 12 14 | 14.2
Fighting       | 3 4 5 7 8 9 11 | 11.2
Short Blades   | |  0.2
Armour         | |  0.6
Dodging        | |  1.6
Stealth        | |  1.5

Action                   |  1- 3 |  4- 6 |  7- 9 | 10-12 || total
-------------------------+-------+-------+-------+-------++-------
Melee: Short sword       |    50 |       |       |       ||    50
       Long sword        |    34 |    51 |       |       ||    85
       Morningstar       |       |   105 |   106 |       ||   211
       Great mace        |       |       |    98 |   307 ||   405
 Abil: Spit Poison       |    14 |    12 |     6 |     1 ||    33
  Use: Potion            |     2 |     4 |     1 |       ||     7
       Scroll            |       |       |       |    10 ||    10
 Stab: Sleeping          |       |     1 |       |       ||     1
  Eat: Chunk             |     3 |     6 |     6 |     7 ||    22
Armor: Leather armour    |    22 |       |       |       ||    22
       Ring mail         |     4 |   111 |    52 |       ||   167
       Chain mail        |       |       |   120 |   448 ||   568
Dodge: Dodged            |    60 |   116 |   106 |   233 ||   515
       Rpst.: Long sword |    15 |    10 |       |       ||    25
